 Dungeon Crawl Stone Soup version 0.20-a0-345-gbfb25ec (webtiles) character file.

340 ololoev the Firebug (level 6, -1/51 HPs)
             Began as a Naga Fire Elementalist on Dec 22, 2016.
             Was an Initiate of Uskayaw.
             Slain by a goblin
             ... wielding a +0 club
             ... led by Robin
              (4 damage)
             ... on level 4 of the Dungeon.
             The game lasted 00:14:05 (3874 turns).

ololoev the Firebug (Naga Fire Elementalist)        Turns: 3874, Time: 00:14:05

Health: -1/51      AC:  3    Str: 21    XL:     6   Next: 56%
Magic:  3/9        EV:  9    Int: 15    God:    Uskayaw [......]
Gold:   92         SH:  4    Dex: 11    Spells: 5/9 levels left

rFire  . . .     SeeInvis +     l - +0 dagger
rCold  . . .     Gourm    .     a - +0 robe
rNeg   . . .     Faith    .     i - +0 buckler
rPois  +         Spirit   .     (no helmet)
rElec  .         Reflect  .     (no cloak)
rCorr  .         Harm     .     (no gloves)
MR     .....                    (no barding)
Stlth  ++........               (no amulet)
                                (no ring)
                                s - +3 ring of strength

@: mighty, hasted, drained, quick
A: see invisible, deformed body, poison resistance, slowness 2, slow metabolism
1, spit poison 1, AC +2
a: Spit Poison, Renounce Religion


Innate Abilities, Weirdness & Mutations

You cannot wear boots.
Your serpentine skin is tough. (AC +2)
You have supernaturally acute eyesight. (SInv)
Armour fits poorly on your strangely shaped body.
Your system is resistant to poisons. (rPois)
You cover ground very slowly.
You have a slow metabolism.
You can spit poison.

Inventory:

Hand Weapons
 b - a +0 falchion
 l - a +0 dagger (weapon)
Missiles
 g - a throwing net (quivered)
Armour
 a - a +0 robe (worn)
 i - a +0 buckler (worn)
 q - a +0 chain mail
Jewellery
 s - a +3 ring of strength (left hand)
Scrolls
 d - 2 scrolls of enchant armour {unknown}
 j - 3 scrolls of identify {unknown}
 m - 2 scrolls of fog {unknown}
 n - a scroll of amnesia {unknown}
 o - 2 scrolls of teleportation {unknown}
 r - a scroll of immolation {unknown}
 x - a scroll of remove curse {unknown}
Potions
 h - a potion of flight {unknown}
 k - a potion of might
 p - 2 potions of curing {unknown}
 v - 4 potions of heal wounds {unknown}
Comestibles
 c - 2 bread rations
 f - 2 chunks of flesh
 u - a meat ration
 w - a slice of pizza


   Skills:
 + Level 1.6(0.8) Fighting
 * Level 1.9(1.1) Long Blades
 + Level 1.3(0.5) Armour
 + Level 2.1(1.3) Dodging
 - Level 3.0(2.1) Stealth
 + Level 2.5(1.6) Shields
 - Level 2.2(1.4) Spellcasting
 - Level 1.9(1.1) Conjurations
 - Level 3.3(2.4) Fire Magic
 + Level 2.6(1.8) Invocations


You had 5 spell levels left.
You knew the following spells:

 Your Spells              Type           Power        Failure   Level  Hunger
a - Flame Tongue          Conj/Fire      #....        14%         1    ##.....
b - Conjure Flame         Conj/Fire      #.......     38%         3    ####...


You were on level 4 of the Dungeon.
You worshipped Uskayaw.
Uskayaw was noncommittal.
You were not hungry.

You visited 1 branch of the dungeon, and saw 4 of its levels.

You collected 92 gold pieces.

.############ ####
.............# #.).
.............# #.##
.............# #.#.
.............# #.#.
.............########.#.
.....oo...........>.#.#.
....oggo)....#.##.###.#.
...oggo@)...........#.#.
#.....g.............#.#.
....................#.#.
.............#.##.###.#.
## .....##.######.##.#
#.#. .# ..... #.. #.##.#
#.## .# #### ##. #.# #.#
.# . #.# #.# .# #.# #.#

Notes
Turn   | Place    | Note
-------+----------+-------------------------------------------
     0 | D:1      | ololoev the Naga Fire Elementalist began the quest for the Orb.
     0 | D:1      | Reached XP level 1. HP: 15/15 MP: 3/3
   423 | D:1      | Reached XP level 2. HP: 19/22 MP: 1/5
   693 | D:2      | Found a hazy altar of Hepliaklqana.
   693 | D:2      | Found a faded altar of an unknown god.
   698 | D:2      | Found a faded altar of an unknown god.
   700 | D:2      | Found a stormy altar of Qazlal.
   701 | D:2      | Found an iron altar of Okawaru.
   708 | D:2      | Became a worshipper of Uskayaw the Reveler
   708 | D:2      | Reached * piety under Uskayaw
   709 | D:2      | Goblin1989: опа
   724 | D:2      | Noticed Natasha
   728 | D:2      | Goblin1989: а это че за алтарь?
   729 | D:2      | Reached ** piety under Uskayaw
   731 | D:2      | Noticed a crimson imp
   731 | D:2      | Goblin1989: слева был
   731 | D:2      | ololoev: ecumenical
   731 | D:2      | ololoev: noviy tile
   738 | D:2      | Noticed a crimson imp
   739 | D:2      | Noticed a crimson imp
   741 | D:2      | Killed Natasha
   741 | D:2      | Reached skill level 1 in Shields
   741 | D:2      | Reached XP level 3. HP: 13/28 MP: 2/6
   761 | D:2      | Noticed Natasha
   761 | D:2      | Goblin1989: новый бог?
   766 | D:2      | ololoev: ??ecumenical altar
   766 | D:2      | beem: ecumenical altar[1/2]: Converts you to a random god, and gives you 20 bonus piety. Won't pick a god that you cannot worship. Gozag skips the entry fee while Ru immediately offers a sacrifice.
   769 | D:2      | Killed Natasha
   769 | D:2      | Reached skill level 1 in Invocations
   769 | D:2      | Reached XP level 4. HP: 15/36 MP: 3/7
   785 | D:2      | Goblin1989: а
   962 | D:2      | Goblin1989: рандом
  1171 | D:2      | Learned a level 3 spell: Conjure Flame
  1797 | D:2      | Noticed Natasha
  1799 | D:2      | Killed Natasha
  1799 | D:2      | Reached XP level 5. HP: 43/43 MP: 5/8
  1937 | D:2      | ololoev: !lg ruplayers god=uskayaw won s=name
  1937 | D:2      | beem: 6 games for ruplayers (god=uskayaw won): 2x Sar, 2x namelastname112, WhatIsLove, graymark
  2494 | D:3      | Reached skill level 1 in Fighting
  2644 | D:3      | Reached skill level 1 in Armour
  2759 | D:3      | Found a sparkling altar of Nemelex Xobeh.
  3070 | D:4      | Reached skill level 1 in Long Blades
  3112 | D:4      | Reached XP level 6. HP: 41/51 MP: 2/9
  3672 | D:4      | Goblin1989: греймарк сделал десентчара вроде как с уськавом
  3760 | D:4      | Noticed Eustachio
  3865 | D:4      | Noticed Robin
  3866 | D:4      | Noticed Blork the orc
  3874 | D:4      | Slain by a goblin

Dungeon Overview and Level Annotations

Branches:
Dungeon (4/15)
 Temple: D:4-7

Altars:
Hepliaklqana
Nemelex Xobeh
Okawaru
Qazlal
Uskayaw

Annotations:
D:4 Blork the orc, Eustachio, Robin


Message History

A hobgoblin comes into view. It is wielding a club.
The goblin shouts!
A goblin and Robin come into view.
A goblin and a hobgoblin come into view.
The hobgoblin shouts! x2; The goblin shouts!
The goblin barely misses you.
A goblin, a hobgoblin and Blork the orc come into view.
An orc comes into view. It is wielding a flail.
Blork the orc shouts!
The orc shouts!
The goblin barely misses you. You block the goblin's attack.
A goblin and an orc come into view.
Unknown command.
The goblin shouts!
The hobgoblin shouts!
The goblin shouts! x2
The orc shouts!
You hit the hobgoblin but do no damage. The hobgoblin hits you with a club.
The goblin hits you but does no damage. x2; The goblin hits you.
An orc comes into view. It is wielding a whip of electrocution.
Unknown command.
The orc shouts!
You hit the hobgoblin.
The hobgoblin is heavily wounded.
The hobgoblin hits you with a club. The goblin hits you but does no damage.
The goblin closely misses you. The goblin hits you.
Robin roars a battlecry!
The goblins go into a battle-frenzy!
You hit the hobgoblin.
The hobgoblin is severely wounded.
The hobgoblin hits you with a club. The goblin hits you but does no damage.
The hobgoblin hits you with a club! The goblin hits you but does no damage.
The goblin hits you.
A hobgoblin and an orc come into view.
Unknown command.
The orc shouts!
You hit the hobgoblin.
You kill the hobgoblin!
The goblin closely misses you.
The hobgoblin hits you but does no damage.
The goblin wields a hunting sling.
The goblin shoots a stone.
You block the stone. You block the goblin's attack.
Robin throws the goblin at you!
Blork the orc hits you from afar with a halberd!
An orc comes into view.
Use which ability? (? or * to list)
You stomp with the beat, sending a shockwave through the revelers around you!
The goblin is heavily wounded.
You kill the goblin! x3
The hobgoblin is severely wounded.
You kill the goblin!
You feel somewhat more hungry.
You can no longer stomp with the beat.
The orc shouts!
The hobgoblin hits you with a club. The goblin barely misses you.
You can now stomp with the beat.
Unknown command.
Unknown command.
Use which ability? (? or * to list)
You stomp with the beat, sending a shockwave through the revelers around you!
You kill the goblin! x2; You kill the hobgoblin!
The goblin is severely wounded.
You feel somewhat more hungry.
You can no longer stomp with the beat.
The goblin unwields an uncursed club.
The goblin wields a hunting sling.
The goblin shoots a stone.
You block the stone.
Blork the orc hits you from afar with a halberd.
The goblin unwields an uncursed hunting sling.
The goblin hits you.
Unknown command.
Unknown command.
It was a potion of might.
You feel very mighty all of a sudden.
Blork the orc hits you from afar with a halberd!
The goblin barely misses you.
Use which ability? (? or * to list)
You can't do that.
It was a potion of haste.
You feel yourself speed up. The orc closely misses you.
The orc barely misses you.
The goblin unwields an uncursed hunting sling.
The goblin wields an uncursed club.
The goblin hits you with an uncursed club.
You die...

You could see Blork the orc, Robin, 5 orcs, 2 hobgoblins and 2 goblins.

Vanquished Creatures
  A scorpion (D:4)
  An orc priest (D:4)
  An orc wizard (D:4)
  Natasha (thrice) (D:2)
  An iguana (D:4)
  6 adders
  A dart slug (D:2)
  4 worms
  A leopard gecko (D:1)
  10 orcs
  3 bats
  4 giant cockroaches
  4 hobgoblins
  2 kobolds (D:1)
  A quokka (D:3)
  A ball python (D:1)
  A frilled lizard (D:4)
  13 goblins
  5 rats
63 creatures vanquished.

Action                   |  1- 3 |  4- 6 || total
-------------------------+-------+-------++-------
Melee: Dagger            |     9 |    25 ||    34
 Cast: Flame Tongue      |    15 |    56 ||    71
Invok: Stomp             |     1 |    10 ||    11
 Abil: Spit Poison       |    14 |    36 ||    50
  Use: Potion            |       |     2 ||     2
 Stab: Sleeping          |       |     1 ||     1
  Eat: Chunk             |       |    11 ||    11
       Royal jelly       |       |     1 ||     1
Armor: Robe              |     9 |    12 ||    21
Dodge: Dodged            |    27 |    39 ||    66
Block: Buckler           |       |     5 ||     5

Vault maps used:
D:1:      ncdulo_wetmaze, minmay_pentomino_v2
D:2:      chequers_temple_overflow_minitemple, first_bread, uniq_natasha
D:3:      nemelex_xobeh_ov_fountains_minmay, minmay_strange_pillars
D:4:      vehumet_altar_wand_db, dancing_weapons_uskayaw, uniq_blork_the_orc,
          uniq_robin, uniq_menkaure, uniq_eustachio
